 Dungeon Crawl Stone Soup version 0.24.0-13-gcf9b319 (webtiles) character file.

Game seed: 1899810400699978103, levelgen mode: deterministic

98 Fortress the Digger (level 4, -1/24 HPs)
             Began as a Gargoyle Earth Elementalist on Jan 7, 2020.
             Slain by a leopard gecko (3 damage)
             ... on level 2 of the Dungeon.
             The game lasted 00:05:51 (1392 turns).

Fortress the Digger (Gargoyle Earth Elementalist)   Turns: 1392, Time: 00:05:52

Health: -1/24      AC:  7    Str: 11    XL:     4   Next: 71%
Magic:  0/9        EV: 11    Int: 17    God:
Gold:   45         SH:  0    Dex: 10    Spells: 8/9 levels left

rFire    + . .     SeeInvis .   h - +0 mace
rCold    + . .     Gourm    .   (no shield)
rNeg     + . .     Faith    .   i - +1 leather armour {rC+}
rPois    ∞         Spirit   .   (no helmet)
rElec    +         Reflect  .   (no cloak)
rCorr    .         Harm     .   (no gloves)
MR       .....                  (no boots)
Stlth    ++........             (no amulet)
HPRegen  0.08/turn              o - ring of protection from fire
MPRegen  0.11/turn              (no ring)

@: no status effects
A: negative energy resistance 1, electricity resistance, unbreathing,
petrification resistance, rot immunity, AC +3
a: no special abilities


You were on level 2 of the Dungeon.
You were not hungry.

You visited 1 branch of the dungeon, and saw 2 of its levels.

You collected 45 gold pieces.

Inventory:

Hand Weapons
 h - a +0 mace (weapon)
Missiles
 a - 15 poisoned darts
 b - 24 stones (quivered)
Armour
 c - a +0 robe
 i - a +1 leather armour of cold resistance (worn)
Jewellery
 o - a ring of protection from fire (left hand)
Wands
 p - a wand of iceblast (3)
Scrolls
 f - a scroll of magic mapping {unknown}
 g - 2 scrolls of teleportation {unknown}
 j - a scroll of fear {unknown}
 k - a scroll of amnesia {unknown}
 l - a scroll of noise {unknown}
 m - a scroll of identify {unknown}
Potions
 e - a potion of curing {unknown}
 n - a potion of degeneration {unknown}
Comestibles
 d - 6 rations


   Skills:
 + Level 1.9 Dodging
 + Level 2.4 Stealth
 - Level 0.5 Unarmed Combat
 + Level 3.3 Spellcasting
   Level 0.7 Transmutations
 + Level 4.7 Earth Magic


You had 8 spell levels left.
You knew the following spells:

 Your Spells              Type           Power        Failure   Level  Hunger
a - Sandblast             Erth           ###...       3%          1    None

Your spell library contained the following spells:

 Spells                   Type           Power        Failure   Level  Hunger
 Passwall                 Tmut/Erth      ##......     11%         2    ##.....
 Stone Arrow              Conj/Erth      ##....       26%         3    ###....
 Petrify                  Tmut/Erth      ##......     58%         4    ####...
 Lee's Rapid Deconstruct  Erth           ###.......   65%         5    ######.


Dungeon Overview and Level Annotations

Branches:
Dungeon (2/15)

Altars:


Innate Abilities, Weirdness & Mutations

You are resistant to torment.
Your stone body is resilient. (AC +3)
You are immune to poison.
You resist negative energy. (rN+)
You are resistant to electric shocks. (rElec)
You can survive without breathing.
You are immune to petrification.
You are immune to rotting.


Message History

* * * LOW HITPOINT WARNING * * *
You hit Terence but do no damage.
Terence is almost dead.
The leopard gecko barely misses you. Terence barely misses you.
Casting: Sandblast (safe; 3% risk of failure)
Confirm with . or Enter, or press ? or * to list all spells.
Aiming: Sandblast (safe; 3% risk of failure)
Press: ? - help, Shift-Dir - straight line, f/p - Terence
Aim: Terence, wielding a +1 trident of piercing and wearing a +0 scale mail (almost dead)
The blast of sand hits Terence!
You kill Terence!
b - 24 stones The leopard gecko bites you but does no damage.
The leopard gecko barely misses you.
Your magical contamination has completely faded away.
You barely miss the leopard gecko.
The leopard gecko completely misses you.
You hit the leopard gecko but do no damage.
The leopard gecko bites you.
You die...

#.......####.........
#.......# #.........
#.......####[........
#.........##.......#.
#########............
###........#
###..).)..#
#####....####..#
#..)@l........ #
#...###....###.. #..
##..## . ..## .###


You could see a leopard gecko.

Vanquished Creatures
  Terence (D:2)
  2 gnolls (D:1)
  An ooze (D:1)
  A leopard gecko (D:1)
  A giant cockroach (D:1)
  2 goblins (D:1)
  7 hobgoblins (D:1)
  10 jackals (D:1)
  A ball python (D:1)
  8 bats
  2 frilled lizards (D:1)
  4 kobolds (D:1)
  5 rats
45 creatures vanquished.

Notes
Turn   | Place    | Note
-------+----------+-------------------------------------------
     0 | D:1      | Fortress the Gargoyle Earth Elementalist began the quest
                  | for the Orb.
     0 | D:1      | Reached XP level 1. HP: 10/10 MP: 3/3
    74 | D:1      | Reached skill level 4 in Earth Magic
    74 | D:1      | Reached XP level 2. HP: 15/15 MP: 1/5
   553 | D:1      | Reached XP level 3. HP: 19/19 MP: 6/6
   876 | D:1      | Reached XP level 4. HP: 24/24 MP: 3/8
  1370 | D:2      | Noticed Terence
  1390 | D:2      | Killed Terence
  1392 | D:2      | Slain by a leopard gecko

Levels and vault maps discovered:
D:1:      dpeg_arrival_long_road, layout_basic, st_stairs_4,
          minmay_close_crescents
D:2:      layout_rooms, zin_angel, uniq_terence

Skill      XL: |  1  2  3  4 |
---------------+-------------+-----
Earth Magic    | 4 |  4.7
Spellcasting   | 3 |  3.3
Dodging        | |  1.9
Stealth        | |  2.4
Unarmed Combat | |  0.5
Transmutations | |  0.7

Action                   |  1- 3 |  4- 6 || total
-------------------------+-------+-------++-------
Melee: Unarmed           |    15 |       ||    15
       Mace              |    26 |    55 ||    81
 Cast: Sandblast         |    38 |    13 ||    51
  Eat: Chunk             |       |     2 ||     2
Armor: Robe              |     6 |       ||     6
       Leather armour    |    30 |    41 ||    71
Dodge: Dodged            |    51 |    69 ||   120
